 Dungeon Crawl Stone Soup version 0.29.1-15-g9cfb28693d (webtiles) character file.

Game seed: 12873558582271692345

231 Renzlar the Shield-Bearer (level 6, -12/52 (53) HPs)
             Began as a Gnoll Fighter on Mar 3, 2023.
             Was an Initiate of Okawaru.
             Mangled by a wight
             ... wielding a +5 morningstar
              (13 damage)
             ... on level 4 of the Dungeon.
             The game lasted 00:08:07 (2886 turns).

Renzlar the Shield-Bearer (Gnoll Fighter)           Turns: 2886, Time: 00:08:08

HP:   -12/52 (53)   AC:  7    Str: 23    XL:     6   Next: 3%
MP:   8/8           EV: 10    Int:  8    God:    Okawaru [......]
Gold: 178           SH:  5    Dex: 11    Spells: 8/8 levels left

rFire   . . .      SeeInvis .   a - +0 war axe (flame)
rCold   . . .      Faith    .   q - +0 buckler
rNeg    . . .      Spirit   .   b - +0 scale mail
rPois   .          Reflect  .   (no helmet)
rElec   .          Harm     .   (no cloak)
rCorr   .          Rampage  .   (no gloves)
Will    .....                   (no boots)
Stlth   ..........              (no amulet)
HPRegen 0.17/turn               r - +6 ring of strength
MPRegen 0.11/turn               (no ring)

@: lightly drained
A: fangs 1, strong nose, distributed training
a: Renounce Religion


You were on level 4 of the Dungeon.
You worshipped Okawaru.
Okawaru was noncommittal.
You visited 1 branch of the dungeon, and saw 4 of its levels.

You collected 178 gold pieces.

Inventory:

Hand Weapons
 a - a +0 war axe of flaming (weapon)
 c - a +0 sling
Missiles
 j - 4 boomerangs (quivered)
Armour
 b - a +0 scale mail (worn)
 q - a +0 buckler (worn)
Jewellery
 r - a +6 ring of strength (left hand)
Wands
 o - a wand of charming (8)
Scrolls
 m - a scroll of teleportation
 u - a scroll of fear
Potions
 d - a potion of might
 e - a potion of ambrosia {unknown}
 f - 2 potions of resistance
 g - a potion of haste {unknown}
 i - a potion of lignification
 k - 2 potions of brilliance {unknown}
 l - a potion of mutation {unknown}
 p - a potion of invisibility {unknown}
 s - a potion of experience {unknown}
 t - a potion of curing {unknown}


   Skills:
 + Level 6.8 Fighting
 + Level 1.8 Short Blades
 + Level 1.8 Long Blades
 + Level 4.9 Axes
 + Level 1.8 Maces & Flails
 + Level 1.8 Polearms
 + Level 1.8 Staves
 + Level 1.8 Ranged Weapons
 + Level 1.8 Throwing
 + Level 6.8 Armour
 + Level 1.8 Dodging
 + Level 1.8 Stealth
 + Level 6.8 Shields
 + Level 1.8 Unarmed Combat
 + Level 1.8 Spellcasting
 + Level 1.4 Conjurations
 + Level 1.4 Hexes
 + Level 1.4 Summonings
 + Level 1.4 Necromancy
 + Level 1.4 Translocations
 + Level 1.4 Transmutations
 + Level 1.4 Fire Magic
 + Level 1.4 Ice Magic
 + Level 1.4 Air Magic
 + Level 1.4 Earth Magic
 + Level 1.4 Poison Magic
 + Level 2.0 Invocations
 + Level 1.8 Evocations


You had 8 spell levels left.
You didn't know any spells.
Your spell library contained the following spells:

 Spells                   Type           Power      Damage    Failure   Level
 Necrotise                Necr           12%        1d4       52%         1
 Ozocubu's Armour         Ice            3%         N/A       87%         3
 Vampiric Draining        Necr           3%         2d6       87%         3
 Hailstorm                Conj/Ice       3%         3d3       99%         4
 Ice Form                 Ice/Tmut       3%         N/A       99%         4
 Agony                    Necr           3%         N/A       100%        5
 Metabolic Englaciation   Hex/Ice        1%         N/A       100%        5
 Simulacrum               Ice/Necr       Unusable   N/A       N/A         6

Dungeon Overview and Level Annotations

Branches:
Dungeon (4/15)
 Temple: D:4-7

Altars:
Dithmenos
Elyvilon
Makhleb
Okawaru
Qazlal
Uskayaw
Vehumet
Wu Jian


Innate Abilities, Weirdness & Mutations

You have very sharp teeth.
Your uncanny sense of smell can sniff out nearby items.
Your experience applies equally to all skills.


Message History

You block the wight's attack.
You hit the wight but do no damage.
The wight is moderately damaged.
The wight hits you with a +2 mace.
You feel drained.
You slash the wight! You burn the wight.
You destroy the wight!
Okawaru accepts your kill.
The wight hits you with a +5 morningstar!
Your Invocations skill increases to level 2!
You have reached level 6!
You slash the wight! You burn the wight.
The wight is heavily damaged.
The wight misses you.
You hit the wight. You burn the wight.
The wight is severely damaged.
You block the wight's attack.
You barely miss the wight.
The wight is severely damaged.
The wight hits you with a +5 morningstar!
The wight closely misses you.
You closely miss the wight.
The wight is severely damaged.
The wight hits you with a +5 morningstar.
* * * LOW HITPOINT WARNING * * *
Unknown command.
You barely miss the wight.
The wight is severely damaged.
The wight hits you with a +5 morningstar!
* * * LOW HITPOINT WARNING * * *
Unknown command.
You barely miss the wight.
The wight is severely damaged.
The wight barely misses you. You block the wight's attack.
You closely miss the wight. Your bite misses the wight.
The wight is severely damaged.
The wight closely misses you.
You closely miss the wight. You bite the wight, but do no damage.
The wight is severely damaged.
The wight hits you with a +5 morningstar!
You die...

#.##.#.####....# #
#........)..##.#####
#......÷#..##...>.#
#.......##>..####.##
#........###....#..#
##..^.....###........
#....................
#........#####.......
#.##@##..# #....... #
#z###.# #....... #.#
... ......... ...
...###....... ≈≈.≈≈
##..###...### .≈#+#≈.
#.# #.## #.≈ ≈.# #.≈
≈.# #. .#


You could see a wight.

Vanquished Creatures
  2 wights (D:4)
  An iguana (D:4)
  5 adders
  A worm (D:2)
  2 dart slugs (D:2)
  An orc (D:3)
  A ball python (D:2)
  7 endoplasms
  3 giant cockroaches
  5 goblins
  5 hobgoblins
  2 jackals (D:4)
  5 kobolds
  2 quokkas
  4 bats
  2 frilled lizards
  4 rats
52 creatures vanquished.

Notes
Turn   | Place    | Note
-------+----------+-------------------------------------------
     0 | D:1      | Renzlar the Gnoll Fighter began the quest for the Orb.
     0 | D:1      | Reached XP level 1. HP: 23/23 MP: 1/1
   160 | D:1      | Reached XP level 2. HP: 29/29 MP: 2/2
   567 | D:2      | Reached XP level 3. HP: 34/35 MP: 3/3
   799 | D:2      | Reached skill level 1 in Invocations
   817 | D:2      | Found a faded altar of an unknown god.
  1264 | D:2      | Reached skill level 1 in Short Blades
  1264 | D:2      | Reached skill level 1 in Long Blades
  1264 | D:2      | Reached skill level 1 in Maces & Flails
  1264 | D:2      | Reached skill level 1 in Polearms
  1264 | D:2      | Reached skill level 1 in Staves
  1264 | D:2      | Reached skill level 1 in Ranged Weapons
  1264 | D:2      | Reached skill level 1 in Throwing
  1264 | D:2      | Reached skill level 1 in Dodging
  1264 | D:2      | Reached skill level 1 in Stealth
  1264 | D:2      | Reached skill level 1 in Unarmed Combat
  1264 | D:2      | Reached skill level 1 in Spellcasting
  1264 | D:2      | Reached skill level 1 in Evocations
  1559 | D:3      | Reached XP level 4. HP: 41/41 MP: 5/5
  2146 | D:3      | Found a radiant altar of Vehumet.
  2153 | D:3      | Found a hide-covered altar of Uskayaw.
  2154 | D:3      | Found a white marble altar of Elyvilon.
  2154 | D:3      | Found a burning altar of Makhleb.
  2154 | D:3      | Found a stormy altar of Qazlal.
  2156 | D:3      | Found a shadowy altar of Dithmenos.
  2157 | D:3      | Found an iron altar of Okawaru.
  2159 | D:3      | Found an ornate altar of the Wu Jian Council.
  2163 | D:3      | Became a worshipper of Warmaster Okawaru
  2221 | D:3      | Reached skill level 1 in Conjurations
  2221 | D:3      | Reached skill level 1 in Hexes
  2221 | D:3      | Reached skill level 1 in Summonings
  2221 | D:3      | Reached skill level 1 in Necromancy
  2221 | D:3      | Reached skill level 1 in Translocations
  2221 | D:3      | Reached skill level 1 in Transmutations
  2221 | D:3      | Reached skill level 1 in Fire Magic
  2221 | D:3      | Reached skill level 1 in Ice Magic
  2221 | D:3      | Reached skill level 1 in Air Magic
  2221 | D:3      | Reached skill level 1 in Earth Magic
  2221 | D:3      | Reached skill level 1 in Poison Magic
  2649 | D:4      | Reached XP level 5. HP: 46/47 MP: 5/7
  2879 | D:4      | Reached XP level 6. HP: 30/52 MP: 8/8
  2883 | D:4      | HP: 1/52 [wight/+5 morningstar (10)]
  2886 | D:4      | Mangled by a wight

Illustrated notes

Levels and vault maps discovered:
D:1:      tarquinn_simple_flora_water_b, layout_rooms
D:2:      layout_basic, dreamdust_ecumenical_altar_angels_and_demons
D:3:      layout_basic, minitemple, grunt_ministairs_12
D:4:      layout_rooms, portal_sewer_entry_c, serial_shops,
          kennysheep_mini_moat, dreamdust_wishing_well, hex_medium

Skill      XL: |  1  2  3  4  5 |
---------------+----------------+-----
Invocations    | 1 2 |  2.0
Short Blades   | 1 |  1.8
Long Blades    | 1 |  1.8
Maces & Flails | 1 |  1.8
Polearms       | 1 |  1.8
Staves         | 1 |  1.8
Ranged Weapons | 1 |  1.8
Throwing       | 1 |  1.8
Dodging        | 1 |  1.8
Stealth        | 1 |  1.8
Unarmed Combat | 1 |  1.8
Spellcasting   | 1 |  1.8
Evocations     | 1 |  1.8
Conjurations   | 1 |  1.4
Hexes          | 1 |  1.4
Summonings     | 1 |  1.4
Necromancy     | 1 |  1.4
Translocations | 1 |  1.4
Transmutations | 1 |  1.4
Fire Magic     | 1 |  1.4
Ice Magic      | 1 |  1.4
Air Magic      | 1 |  1.4
Earth Magic    | 1 |  1.4
Poison Magic   | 1 |  1.4
Fighting       | |  6.8
Axes           | |  4.9
Armour         | |  6.8
Shields        | |  6.8

Action                   |  1- 3 |  4- 6 || total
-------------------------+-------+-------++-------
Melee: War axe           |    90 |    37 ||   127
       Bite              |    11 |     2 ||    13
 Fire: Sling             |       |    35 ||    35
Throw: Boomerang         |     5 |       ||     5
  Use: Scroll            |     4 |     5 ||     9
Armor: Scale mail        |    44 |     4 ||    48
Dodge: Dodged            |    30 |    14 ||    44
Block: Buckler           |    12 |     9 ||    21
